cohdb
Replays
Latest Replays
All Replays
Popular Replays
Top Player Replays
Match Explorer
How It Works
Community
CoH3 Stats
Reddit
Sign in to upload your games and track your stats! →
Sign in with Steam
Match 31692815
Unlisted
Match 31692815
Overview
Messages
Build Orders
End
Construct Barracks
Construct Barracks
Scout Squad
Riflemen Squad
Riflemen Squad
Riflemen Squad
Infantry Support Center
M1 Mortar Team
Construct Medical Station
Selects Advanced Infantry Battlegroup
Selects Convert to Ranger Squad
Construct Motor Pool
Convert to Ranger Squad
Grenade Package
M8 Greyhound Armored Car
Convert to Ranger Squad
Engineer Squad
Selects Designate Assault Position
Selects Ranger Weapon Training
Advanced Logistics
Riflemen Squad
M1918 Browning Automatic Rifles
Engineer Squad
Selects Ammunition Storage
Selects Artillery Observers
Selects M2A1 105mm Howitzer Emplacement
Tango
Turtleboy
chinchilla man
Σαλιγκαράνθρωπος
0
0
Comments
sign in to comment!
No comments posted yet!